 Dungeon Crawl Stone Soup version 0.27-a0-1525-g1038ab4fd7 (webtiles) character file.

Game seed: 6006399327842910629

139 Lanoc the Skirmisher (level 5, -1/37 HPs)
             Began as an Octopode Monk on July 10, 2021.
             Was a Priest of Qazlal.
             Slain by a gnoll (10 damage)
             ... on level 3 of the Dungeon.
             The game lasted 00:02:39 (2506 turns).

Lanoc the Skirmisher (Octopode Monk)                Turns: 2506, Time: 00:02:40

Health: -1/37      AC:  1    Str: 10    XL:     5   Next: 22%
Magic:  5/5        EV: 14    Int: 13    God:    Qazlal [***...]
Gold:   86         SH:  4    Dex: 15    Spells: 4/4 levels left

rFire    . . .     SeeInvis .   b - +2 hunting sling (freeze)
rCold    . . .     Faith    .   (no shield)
rNeg     . . .     Spirit   .   (helmet restricted)
rPois    .         Reflect  .   (no amulet)
rElec    .         Harm     .   (no ring)
rCorr    .         Rampage  .   (no ring)
Will     .....                  (no ring)
Stlth    ++........             (no ring)
HPRegen  0.12/turn              (no ring)
MPRegen  0.09/turn              (no ring)
                                (no ring)
                                (no ring)

@: no status effects
A: almost no armour, amphibious, 8 rings, camouflage 1, gelatinous body 1,
(nimble swimmer 1), tentacles
a: Renounce Religion, Upheaval, Elemental Force


You were on level 3 of the Dungeon.
You worshipped Qazlal.
Qazlal was most pleased with you.
You visited 1 branch of the dungeon, and saw 3 of its levels.

You collected 86 gold pieces.

Inventory:

Hand Weapons
 a - a +0 falchion
 b - a +2 hunting sling of freezing (weapon)
Missiles
 f - 28 stones (quivered ammo)
 i - 26 sling bullets
Wands
 h - a wand of mindburst (10)
Scrolls
 c - a scroll of silence {unknown}
 d - a scroll of teleportation {unknown}
 e - 2 scrolls of identify {unknown}
Potions
 g - 2 potions of cancellation {unknown}
 j - a potion of curing {unknown}


   Skills:
 + Level 4.1 Fighting
 - Level 3.9 Long Blades
 + Level 4.1 Dodging
 - Level 2.6 Stealth


You had 4 spell levels left.
You didn't know any spells.
Your spell library contained the following spells:

 Spells                   Type           Power      Damage    Failure   Level
 Freeze                   Ice            0%         1d3       30%         1
 Corpse Rot               Necr/Air       N/A        N/A       43%         2
 Frozen Ramparts          Ice            0%         1d2       67%         3
 Dispel Undead            Necr           0%         3d6       97%         4
 Hailstorm                Conj/Ice       0%         3d3       97%         4
 Death Channel            Necr           0%         N/A       100%        6


Dungeon Overview and Level Annotations

Branches:
Dungeon (3/15)

Altars:
Qazlal


Innate Abilities, Weirdness & Mutations

You cannot wear most types of armour.
You are amphibious.
You can wear up to eight rings at the same time.
Your skin changes colour to match your surroundings (Stealth+).
Your rubbery body absorbs attacks. (AC +1, EV +1)
((You are camouflaged near water. (Stealth+)))
You have tentacles for arms and can constrict up to eight enemies at once.


Message History

You shoot a stone.
The stone hits the adder but does no damage.
You shoot a stone. The stone hits the adder!
The adder seems to slow down.
The stone freezes the adder.
The adder is severely wounded.
You hear a shout!
You shoot a stone. The stone hits the adder.
The stone freezes the adder.
You kill the adder!
Qazlal accepts your kill.
You shoot a stone. The stone hits the gnoll!
The stone freezes the gnoll.
The gnoll is severely wounded.
The gnoll barely misses you.
You shoot a stone. The stone barely misses the gnoll.
The stone closely misses the gnoll.
A ball python comes into view.
The gnoll hits you with a +0 club.
The gnoll hits you from afar with a +3 spear!
You shoot a stone. The stone hits the gnoll.
The stone freezes the gnoll.
You kill the gnoll!
Qazlal accepts your kill.
The gnoll hits you from afar with a +3 spear!
You are too injured to fight recklessly!
You are too injured to fight recklessly!
Fire: 29 stones
Press: ? - help, Q - select action, (/) - cycle Shift-Dir - straight line, f - gnoll
Aim: a gnoll, wielding a +3 spear (66% to hit)
You shoot a stone. The stone barely misses the gnoll.
The stone hits the ball python.
The ball python seems to slow down.
The stone freezes the ball python.
You kill the ball python!
Qazlal accepts your kill.
The gnoll hits you from afar with a +3 spear.
* * * LOW HITPOINT WARNING * * *
A gnoll comes into view. It is wielding a +0 whip.
The gnoll closely misses you.
There is a stone staircase leading down here.
There is an escape hatch in the ceiling here.
The gnoll closely misses you.
The gnoll hits you from afar with a +3 spear!
You die...

####### #.....# #.....#
#.....# ####...g@#
........○##
###...§g.######## ###
#.............. ..#
.#########....#######
#.#
(((((().............###
#.#
.########.........#...#
#.# #.....
#.....#.#.###.# #.#
.....
#.#.#.......#.###.#


You could see 2 gnolls.

Vanquished Creatures
  An orc wizard (D:3)
  2 gnolls (D:3)
  3 adders
  2 worms (D:2)
  A dart slug (D:2)
  3 orcs (D:3)
  A bat (D:1)
  7 endoplasms
  A giant cockroach (D:2)
  4 goblins
  5 hobgoblins
  6 jackals
  5 kobolds
  2 quokkas
  7 ball pythons
  3 frilled lizards
  4 rats
57 creatures vanquished.

Notes
Turn   | Place    | Note
-------+----------+-------------------------------------------
     0 | D:1      | Lanoc the Octopode Monk began the quest for the Orb.
     0 | D:1      | Reached XP level 1. HP: 16/16 MP: 1/1
   194 | D:1      | Reached XP level 2. HP: 16/21 MP: 2/2
   769 | D:1      | Reached XP level 3. HP: 26/26 MP: 3/3
  1343 | D:2      | Found a faded altar of an unknown god.
  1407 | D:2      | Became a worshipper of Qazlal Stormbringer
  1407 | D:2      | Reached * piety under Qazlal
  1407 | D:2      | Reached ** piety under Qazlal
  1460 | D:2      | Reached XP level 4. HP: 24/31 MP: 4/4
  1859 | D:2      | Reached *** piety under Qazlal
  2491 | D:3      | Reached XP level 5. HP: 37/37 MP: 5/5
  2506 | D:3      | Slain by a gnoll

Illustrated notes

Levels and vault maps discovered:
D:1:      saegor_arrival_simple_d, layout_loops_ring
D:2:      layout_basic, chequers_ecumenical_altar_simple_redux,
          minmay_close_crescents
D:3:      minmay_general_purpose_star, layout_basic, minmay_misc_feat_room,
          minmay_misc_feat_tiny, minivault_27

Skill      XL: |  1  2  3  4 |
---------------+-------------+-----
Fighting       | 4 |  4.1
Dodging        | 4 |  4.1
Long Blades    | |  3.9
Stealth        | |  2.6

Action                   |  1- 3 |  4- 6 || total
-------------------------+-------+-------++-------
Melee: Falchion          |    50 |       ||    50
       Constrict         |    13 |       ||    13
       Tentacles         |    11 |       ||    11
       Hunting sling     |       |     2 ||     2
 Fire: Hunting sling     |    23 |    56 ||    79
 Stab: Sleeping          |     9 |       ||     9
Armor: Skin              |     7 |     1 ||     8
Dodge: Dodged            |    23 |    13 ||    36
       Rpst.: Falchion   |     4 |       ||     4

Table legend: (Time is in decaauts)
 A = Elapsed time spent in this place.
 B = Non-inter-level travel time spent in this place.
 C = Inter-level travel time spent in this place.
 D = Time resting spent in this place.
 E = Time spent auto-exploring this place.
 F = Levels seen in this place.
 G = Mean time per level.
                   A        B        C        D        E       F      G
               +--------+--------+--------+--------+--------+-----+--------+
         Total |   2528 |   2461 |     67 |    123 |   1967 |   3 |  842.7 |
       Dungeon |   2528 |   2461 |     67 |    123 |   1967 |   3 |  842.7 |
               +--------+--------+--------+--------+--------+-----+--------+

Top non-repeatable levels by time:
     D:2: 1220 daAuts
     D:1: 1014 daAuts
     D:3: 293 daAuts
